 Dungeon Crawl Stone Soup version 0.19.5 (webtiles) character file.

77 galech the Skirmisher (level 4, -1/49 HPs)
             Began as an Ogre Fighter on Mar 1, 2017.
             Slain by Grinder (7 damage)
             ... on level 2 of the Dungeon.
             The game lasted 00:03:54 (1548 turns).

galech the Skirmisher (Ogre Fighter)                Turns: 1548, Time: 00:03:55

Health: -1/49      AC:  3    Str: 22    XL:     4   Next: 33%
Magic:  4/4        EV:  8    Int:  7    God:
Gold:   97         SH:  8    Dex:  9    Spells: 0 memorised, 3 levels left

rFire  . . .     SeeInvis .     a - +0 flail
rCold  . . .     Gourm    .     b - +0 robe
rNeg   . . .     Faith    .     c - +0 shield
rPois  .         Spirit   .     (helmet restricted)
rElec  .         Reflect  .     (no cloak)
rCorr  .         Harm     .     (gloves unavailable)
MR     .....                    (boots unavailable)
Stlth  +.........               (no amulet)
                                (no ring)
                                (no ring)

@: no status effects
A: unfitting armour, tough skin 1
a: no special abilities


You were on level 2 of the Dungeon.
You were not hungry.

You visited 1 branch of the dungeon, and saw 3 of its levels.

You collected 97 gold pieces.

Inventory:

Hand Weapons
 a - a +0 flail (weapon)
Armour
 b - a +0 robe (worn)
 c - a +0 shield (worn)
Scrolls
 j - 3 scrolls of identify {unknown}
 m - a scroll of recharging {unknown}
 n - a scroll of remove curse {unknown}
Potions
 d - a potion of might
 e - 2 potions of curing {unknown}
 h - 2 potions of flight {unknown}
 k - a potion of berserk rage {unknown}
 l - a potion of haste {unknown}
Books
 o - a book of Minor Magic

   Spells                             Type                      Level
   a - Magic Dart                     Conjuration                  1
   b - Blink                          Translocation                2
   c - Call Imp                       Summoning                    2
   d - Repel Missiles                 Charms/Air                   2
   e - Slow                           Hexes                        2
   f - Conjure Flame                  Conjuration/Fire             3
   g - Mephitic Cloud                 Conjuration/Poison/Air       3
Comestibles
 f - 2 bread rations
 i - 2 meat rations


   Skills:
 + Level 4.7 Fighting
 + Level 4.2 Maces & Flails
 + Level 2.9 Dodging
 + Level 3.2 Shields


You had 3 spell levels left.
You didn't know any spells.

Dungeon Overview and Level Annotations

Branches:
Dungeon (3/15)

Altars:

Annotations:
D:2 Grinder


Innate Abilities, Weirdness & Mutations

You are too large for most types of armour.
You have tough skin. (AC +1)


Message History

You hit Grinder but do no damage. You block Grinder's attack.
Your shield prevents you from hitting Grinder.
Grinder gestures at you. Pain shoots through your body!
* * * LOW HITPOINT WARNING * * *
Grinder gestures at you. You resist with significant effort.
You closely miss Grinder. Grinder hits you.
* * * LOW HITPOINT WARNING * * *
You closely miss Grinder. You block Grinder's attack.
You barely miss Grinder. Grinder gestures at you.
You barely resist. You sock Grinder!
Grinder is moderately wounded.
Grinder barely misses you.
You closely miss Grinder.
Grinder is moderately wounded.
Grinder hits you!
You die...

.###.#.# ###'##### #.# #.
.###.#.# ##...## ##.## #.
.##..#.# ##.....## ##...# ##
.##.#..# ##.......## ##.#.##
.......####.........####....#####
###.......'.........'.......)....
###....####.........####....#####
.......# ##.......## ###.#.#
.##.##.# ##...@[## #.....#
.#..##.#######..5## #.#####
.#..........###'## #.#
†....#.####.# #.# #.# .......#
#.# #.# #.# ##...#### #.###.##
#.# ##......# #.##.(.## #.#
.....##.###.#.....# #.#
###.###..........######.#


You could see Grinder.

Vanquished Creatures
  3 adders (D:2)
  3 dart slugs (D:1)
  2 leopard geckos (D:2)
  5 goblins
  8 hobgoblins
  3 jackals (D:1)
  A quokka (D:2)
  6 bats
  4 kobolds
  7 rats
42 creatures vanquished.

Notes
Turn   | Place    | Note
-------+----------+-------------------------------------------
     0 | D:1      | galech the Ogre Fighter began the quest for the Orb.
     0 | D:1      | Reached XP level 1. HP: 24/24 MP: 1/1
    70 | D:1      | Reached XP level 2. HP: 22/32 MP: 2/2
   182 | D:1      | Reached XP level 3. HP: 34/40 MP: 3/3
  1108 | D:2      | Reached XP level 4. HP: 27/49 MP: 4/4
  1521 | D:3      | Noticed Grinder
  1521 | D:3      | Paralysed by Grinder for 6 turns
  1548 | D:2      | Slain by Grinder

Skill      XL: |  1  2  3  4 |
---------------+-------------+-----
Maces & Flails | 3 4 |  4.2
Shields        | 3 |  3.2
Fighting       | |  4.7
Dodging        | |  2.9

Action                   |  1- 3 |  4- 6 || total
-------------------------+-------+-------++-------
Melee: Flail             |   114 |    21 ||   135
 Stab: Sleeping          |     1 |     1 ||     2
  Eat: Chunk             |     1 |     1 ||     2
Armor: Robe              |    26 |     2 ||    28
Dodge: Dodged            |    31 |     1 ||    32
Block: Shield            |    53 |    12 ||    65
